 Dungeon Crawl Stone Soup version 0.31-a0-1017-g7cb12e4 (webtiles) character file.

Game seed: 16546047960722459939

42 lunatic the Gusty (level 3, -1/26 HPs)
             Began as a Demigod Air Elementalist on Nov 16, 2023.
             Slain by a goblin
             ... wielding a +0 dagger
             ... led by Robin
              (4 damage)
             ... on level 3 of the Dungeon.
             The game lasted 00:04:41 (1480 turns).

lunatic the Gusty (Demigod Air Elementalist)        Turns: 1480, Time: 00:04:41

Health: -1/26      AC:  3    Str:  6 (9)  XL:     3   Next: 19%
Magic:  1/8        EV: 12    Int: 18 (21) God:
Gold:   59         SH:  0    Dex: 12 (14) Spells: 3/6 levels left

rFire   . . .        (no weapon)
rCold   . . .        (no shield)
rNeg    . . .        a - +0 robe
rPois   .            (no helmet)
rElec   .            m - +0 cloak
rCorr   .            (no gloves)
SInv    .            (no boots)
Will    .....        h - amulet of magic regeneration
Stlth   ++           (no ring)
HPRegen 0.24/turn    (no ring)
MPRegen 0.51/turn

%: no passive effects
@: very slightly contaminated
A: high MP 1, forlorn, divine attributes
a: no special abilities


You were on level 3 of the Dungeon.
You visited 1 branch of the dungeon, and saw 3 of its levels.

You collected 59 gold pieces.

Inventory:

Hand Weapons
 e - a +0 vampiric spear
 g - a +0 dagger of venom
Armour
 a - a +0 robe (worn)
 m - a +0 cloak (worn)
Jewellery
 h - an amulet of magic regeneration (around neck)
Scrolls
 c - a scroll of blinking {unknown}
 d - a scroll of teleportation {unknown}
 f - a scroll of identify {unknown}
 k - a scroll of brand weapon {unknown}
Potions
 b - a potion of magic
 i - a potion of degeneration
 j - a potion of haste {unknown}
 l - a potion of heal wounds {unknown}


   Skills:
 - Level 1.7 Dodging
 - Level 1.7 Stealth
 + Level 2.0 Spellcasting
 * Level 1.4 Conjurations
 * Level 3.6 Air Magic


You had 3 spell levels left.
You knew the following spells:

 Your Spells              Type           Power      Damage    Failure   Level
a - Shock                 Conj/Air       44%        1d5       6%          1
b - Static Discharge      Conj/Air       22%        3-4/arc   10%         2

Your spell library contained the following spells:

 Spells                   Type           Power      Damage    Failure   Level
 Swiftness                Air            14%        N/A       12%         3
 Airstrike                Air            7%         2d(1-17)  38%         4


Dungeon Overview and Level Annotations

Branches:
Dungeon (3/15)

Shops:
D:1 *

Annotations:
D:2 Sigmund
D:3 Robin


Innate Abilities, Weirdness & Mutations

You have an increased reservoir of magic. (+10% MP)
You shall have no god before yourself.
Your divine heritage dramatically boosts your attributes as you level up.


Message History

The goblins go into a battle-frenzy!
The hobgoblin hits you but does no damage.
The hobgoblin hits you.
You hear a shout!
Unknown command.
Casting: Static Discharge (safe; 8% risk of failure)
Confirm with . or Enter, or press ? or * to list all spells.
You miscast Static Discharge.
You are very lightly contaminated with residual magic.
Nothing appears to happen.
The hobgoblin barely misses you. The goblin misses you. The hobgoblin hits you.
Robin throws the goblin at you!
Unknown command.
Casting: Static Discharge (safe; 8% risk of failure)
Confirm with . or Enter, or press ? or * to list all spells.
The hobgoblin is struck by an arc of lightning.
The hobgoblin is almost dead.
The hobgoblin is struck by an arc of lightning.
You kill the hobgoblin!
The lightning grounds out.
The goblin hits you with a +0 club. The hobgoblin hits you.
The goblin closely misses you.
Robin hits you from afar with a +0 spear.
Casting: Static Discharge (safe; 8% risk of failure)
Confirm with . or Enter, or press ? or * to list all spells.
The goblin is struck by an arc of lightning.
The goblin is severely wounded.
The goblin is struck by an arc of lightning.
You kill the goblin!
The goblin is struck by an arc of lightning.
You kill the goblin!
The lightning grounds out.
Robin throws the goblin at you!
A hobgoblin comes into view.
The hobgoblin barely misses you. The goblin hits you with a +0 dagger.
* * * LOW HITPOINT WARNING * * *
The goblin hits you with a +0 dagger.
* * * LOW HITPOINT WARNING * * *
It was a potion of degeneration.
There was something very wrong with that liquid.
You feel weakened.
You feel dopey.
You feel clumsy. The goblin hits you with a +0 dagger.
You die...

.....
g....
##.....
.....
###....
#.gg.#
#.gg#
#g@g#
#####


You could see Robin, 3 hobgoblins and 3 goblins.

Vanquished Creatures
  2 ball pythons (D:1)
  2 endoplasms (D:1)
  2 giant cockroaches (D:1)
  6 goblins
  7 hobgoblins
  4 jackals (D:1)
  A quokka (D:1)
  A bat (D:1)
  4 frilled lizards (D:1)
  6 kobolds
  A rat (D:2)
36 creatures vanquished.

Notes
Turn   | Place    | Note
-------+----------+-------------------------------------------
     0 | D:1      | lunatic the Demigod Air Elementalist began the quest for
                  | the Orb.
     0 | D:1      | Reached XP level 1. HP: 14/14 MP: 5/5
   118 | D:1      | Reached skill level 1 in Conjurations
   155 | D:1      | Reached skill level 3 in Air Magic
   373 | D:1      | Reached XP level 2. HP: 20/20 MP: 2/7
   376 | D:1      | Learned a level 2 spell: Static Discharge
   862 | D:1      | Found Gojiluq's General Store.
  1285 | D:2      | Noticed Sigmund
  1388 | D:2      | Reached XP level 3. HP: 26/26 MP: 6/8
  1400 | D:2      | Noticed a soul eater
  1474 | D:3      | Noticed Robin
  1480 | D:3      | Slain by a goblin

Illustrated notes

Levels and vault maps discovered:
D:1:      lightli_arrival_windingriver, layout_basic, serial_shops,
          nicolae_shop_real_fake_doors
D:2:      layout_rooms, dreamdust_ecumenical_altar_sealed_demon,
          nicolae_nh_oracle_at_delphi, uniq_sigmund
D:3:      cheibrodos_helix_gallery, layout_rooms, mainiacjoe_overflow_alcove_4,
          lightli_temple_of_fire, nicolae_overflow_hidden_temple,
          mainiacjoe_overflow_brackets, serial_bayou_pond_a, uniq_robin,
          uniq_crazy_yiuf_cottage

Skill      XL: |  1  2 |
---------------+-------+-----
Conjurations   | 1 |  1.4
Air Magic      | 3 |  3.6
Spellcasting   | 2 |  2.0
Dodging        | |  1.7
Stealth        | |  1.7

Action                     || total
---------------------------++-------
  Melee: Unarmed           ||     4
   Cast: Shock             ||    47
         Static Discharge  ||     9
    Use: Potion            ||     1
 Armour: Robe              ||    21
  Dodge: Dodged            ||    14

Table legend: (Time is in decaauts)
 A = Elapsed time spent in this place.
 B = Non-inter-level travel time spent in this place.
 C = Inter-level travel time spent in this place.
 D = Time resting spent in this place.
 E = Time spent auto-exploring this place.
 F = Levels seen in this place.
 G = Mean time per level.
                   A        B        C        D        E       F      G
               +--------+--------+--------+--------+--------+-----+--------+
         Total |   1481 |   1352 |    129 |      0 |   1146 |   3 |  493.7 |
       Dungeon |   1481 |   1352 |    129 |      0 |   1146 |   3 |  493.7 |
               +--------+--------+--------+--------+--------+-----+--------+

Top non-repeatable levels by time:
     D:1: 1319 daAuts
     D:2: 156 daAuts
     D:3: 5 daAuts
